 Dungeon Crawl Stone Soup version 0.27.1-2-g3b301248ec (webtiles) character file.

Game seed: 4034094389607372806

1031 nxtlvl the Ruffian (level 8, -2/75 HPs)
             Began as a Troll Abyssal Knight on Sept 23, 2021.
             Was an Elder of Lugonu.
             Slain by a yak (13 damage)
             ... on level 7 of the Dungeon.
             The game lasted 00:09:47 (1427 turns).

nxtlvl the Ruffian (Troll Abyssal Knight)           Turns: 1427, Time: 00:09:47

Health: -2/75      AC:  5    Str: 21    XL:     8   Next: 3%
Magic:  10/10      EV: 10    Int:  8    God:    Lugonu [****..]
Gold:   232        SH:  0    Dex: 11    Spells: 7/7 levels left

rFire    . . .     SeeInvis .     - Unarmed
rCold    + . .     Faith    .   (no shield)
rNeg     . . .     Spirit   .   a - +0 robe
rPois    .         Reflect  .   (helmet restricted)
rElec    .         Harm     .   q - +0 cloak
rCorr    .         Rampage  .   (gloves unavailable)
Will     .....                  (boots unavailable)
Stlth    +.........             (no amulet)
HPRegen  1.22/turn              o - ring of protection from cold
MPRegen  0.12/turn              (no ring)

@: no status effects
A: large, unfitting armour, claws 3, regeneration 1, shaggy fur 1, tough skin 1
a: Renounce Religion, Depart the Abyss, Bend Space, Banish, Corrupt


You were on level 7 of the Dungeon.
You worshipped Lugonu.
Lugonu was greatly pleased with you.
You visited 1 branch of the dungeon, and saw 8 of its levels.
You visited the Abyss 1 time.
You also visited: Ossuary.

You collected 232 gold pieces.

Inventory:

Missiles
 c - 6 poisoned darts
 f - 13 sling bullets
 p - 3 boomerangs
Armour
 a - a +0 robe (worn)
 q - a +0 cloak (worn)
Jewellery
 g - a ring of wizardry
 o - a ring of protection from cold (left claw)
Wands
 n - a wand of iceblast (8)
Scrolls
 h - a scroll of holy word
 i - a scroll of teleportation {unknown}
 l - a scroll of fear {unknown}
 m - a scroll of fog {unknown}
Potions
 b - 2 potions of invisibility
 d - a potion of resistance
 e - a potion of attraction {unknown}
 j - 5 potions of curing
 k - a potion of brilliance


   Skills:
 - Level 3.5 Fighting
 - Level 3.0 Dodging
 * Level 7.2 Unarmed Combat
 + Level 4.3 Invocations


You had 7 spell levels left.
You didn't know any spells.
Your spell library contained the following spells:

 Spells                   Type           Power      Damage    Failure   Level
 Stone Arrow              Conj/Erth      0%         3d7       78%         3
 Bolt of Magma            Conj/Fire/Erth 0%         4d4       100%        5
 Shatter                  Erth           0%         3d5*      100%        9


Dungeon Overview and Level Annotations

Branches:
Dungeon (8/15)            Ossuary (visited)
 Temple: D:4-7         Lair: D:8-11

Altars:
Ashenzari
Cheibriados
Qazlal
Uskayaw
The Shining One

Annotations:
D:8 Grum


Innate Abilities, Weirdness & Mutations

You are too large for most types of armour.
You have claws for hands.
Your natural rate of healing is unusually fast.
You are covered in fur. (AC +1)
You have tough skin. (AC +1)


Message History

The water moccasin zombie bites you but does no damage.
You barely miss the water moccasin zombie.
The water moccasin zombie is severely damaged.
The water moccasin zombie bites you.
You scratch the water moccasin zombie.
The water moccasin zombie is almost destroyed.
The water moccasin zombie bites you but does no damage.
You scratch the water moccasin zombie but do no damage.
The water moccasin zombie is almost destroyed.
The water moccasin zombie bites you.
You closely miss the water moccasin zombie.
The water moccasin zombie is almost destroyed.
The water moccasin zombie barely misses you.
You claw the water moccasin zombie!
You destroy the water moccasin zombie!
Lugonu accepts your kill.
You have reached level 8!
You see here a +0 cloak.
q - a +0 cloak You start putting on your armour.
You continue putting on your +0 cloak. x4
You finish putting on your +0 cloak.
There is a stone staircase leading down here.
You climb downwards.
Level annotation: Grum The yak bellows! x5; You hear a croak.
The yak completely misses you. The yak closely misses you.
Found a scroll of identify.
There is a stone staircase leading up here.
The yak gores you! The yak gores you. The yak gores you!
You climb upwards.
There is a stone staircase leading down here.
You barely miss the yak.
The yak gores you! x2; The yak gores you.
You scratch the yak. You claw the yak!
The yak is heavily wounded.
The yak gores you. The yak gores you! x2
* * * LOW HITPOINT WARNING * * *
You scratch the yak.
The yak is heavily wounded.
The yak barely misses you. The yak gores you!
You die...

.#######.#.####.......'....
..............+..(...##....
.#######.#.####....#.##....
#...........#.##....
#...#####'#.#.##....
#...#####.#.#.##....
#.........#.#.##....
#.#Y#######.#.######
...#@Y.......#.#
#####Y#########.# #Y. ..#
#### ###


You could see 4 yaks.

Vanquished Creatures
  Grinder (D:5)
  An ice beast (D:7)
  A necrophage (D:7)
  A wolf (D:8)
  An elf zombie (Ossuary)
  A water moccasin zombie (D:7)
  A wyvern skeleton (D:7)
  2 human zombies (Ossuary)
  2 centaur zombies (Ossuary)
  2 orc priests
  An orc wizard (D:4)
  A killer bee zombie (D:5)
  3 mummies (Ossuary)
  A howler monkey zombie (D:4)
  2 adders
  A shadow imp (D:6)
  6 adder zombies (Ossuary)
  10 orcs
  4 giant cockroaches
  A gnoll zombie (Ossuary)
  4 goblins
  7 hobgoblins
  4 jackals (D:2)
  A quokka (D:1)
  2 ball pythons
  A bat (D:2)
  2 frilled lizards (D:2)
  4 goblin zombies (Ossuary)
  3 hobgoblin zombies (Ossuary)
  3 kobolds
  4 kobold zombies (Ossuary)
  3 orc zombies (Ossuary)
  4 quokka zombies (Ossuary)
  3 rats
  4 rat zombies (Ossuary)
92 creatures vanquished.

Notes
Turn   | Place    | Note
-------+----------+-------------------------------------------
     0 | Abyss:1  | nxtlvl the Troll Abyssal Knight began the quest for the
                  | Orb.
     0 | Abyss:1  | Reached XP level 1. HP: 22/22 MP: 1/1
     7 | D:1      | Escaped the Abyss
    85 | D:2      | Found a broken altar of Ashenzari.
   106 | D:2      | Reached XP level 2. HP: 27/29 MP: 2/2
   132 | D:2      | Reached ** piety under Lugonu
   326 | D:3      | Reached XP level 3. HP: 37/37 MP: 3/3
   419 | D:4      | Found a broken altar of Ashenzari.
   475 | D:4      | Reached skill level 3 in Unarmed Combat
   475 | D:4      | Reached XP level 4. HP: 40/45 MP: 4/4
   483 | D:5      | Entered Level 5 of the Dungeon
   503 | D:5      | Reached XP level 5. HP: 6/53 MP: 5/5
   544 | D:5      | Found a sand-covered staircase.
   549 | Ossuary  | Entered an ossuary
   590 | Ossuary  | Reached *** piety under Lugonu
   598 | Ossuary  | Reached skill level 4 in Unarmed Combat
   675 | Ossuary  | Reached XP level 6. HP: 40/61 MP: 6/6
   771 | Ossuary  | Reached skill level 5 in Unarmed Combat
   820 | D:5      | Noticed Grinder
   821 | D:5      | Paralysed by Grinder for 5 turns
   835 | D:5      | Killed Grinder
   836 | D:5      | Reached XP level 7. HP: 59/67 MP: 6/8
   878 | D:5      | Found a stormy altar of Qazlal.
   878 | D:5      | Found a snail-covered altar of Cheibriados.
   951 | D:5      | Found a glowing golden altar of the Shining One.
  1076 | D:6      | Reached **** piety under Lugonu
  1077 | D:6      | Reached skill level 6 in Unarmed Combat
  1081 | D:6      | Found a hide-covered altar of Uskayaw.
  1156 | D:8      | Noticed Grum
  1375 | D:7      | Reached skill level 7 in Unarmed Combat
  1405 | D:7      | Reached XP level 8. HP: 73/75 MP: 10/10
  1427 | D:7      | Slain by a yak

Illustrated notes

Levels and vault maps discovered:
D:1:      dpeg_arrival_three_smaller_balls, layout_basic,
          ebering_ecumenical_altar_abandoned, dk_noncrumbling_4, glass_columns_a
D:2:      layout_loops_cross, basic_altar, kennysheep_cross_bottleneck
D:3:      layout_rooms, marbit_many_paths, roderic_roman_lattice
D:4:      layout_loops_ring, lemuel_doored_altar, gammafunk_ghost_nasty_kobolds,
          sigmund_army
D:5:      layout_basic, mainiacjoe_overflow_alcove_4,
          chequers_temple_overflow_statue_of_worship,
          nicolae_ossuary_entry_false_entrances, minmay_shop_damaged,
          guppyfry_early_lair_pool, uniq_grinder, uniq_sigmund
D:6:      layout_loops_cross, nicolae_vehumet_radiance,
          eat_drink_and_be_merry_uskayaw, temple_statues, due_unseen_surprise,
          uniq_maggie
D:7:      layout_basic
D:8:      layout_rooms, nicolae_wu_jian_immortal_techniques,
          nemelex_spade_bored_becter, gammafunk_ghost_cemetery, uniq_grum

Skill      XL: |  1  2  3  4  5  6  7 |
---------------+----------------------+-----
Dodging        | 2 3 |  3.0
Fighting       | 3 |  3.5
Unarmed Combat | 3 4 5 7 |  7.2
Invocations    | 3 4 |  4.3

Action                   |  1- 3 |  4- 6 |  7- 9 || total
-------------------------+-------+-------+-------++-------
Melee: Unarmed           |   105 |   154 |    76 ||   335
       Punch             |     2 |     6 |     1 ||     9
  Use: Scroll            |       |       |     6 ||     6
Armor: Robe              |    56 |    43 |    19 ||   118
Dodge: Dodged            |    87 |    74 |    38 ||   199
